cohdb
Replays
Latest Replays
All Replays
Popular Replays
Top Player Replays
Match Explorer
How It Works
Community
CoH3 Stats
Reddit
Sign in to upload your games and track your stats! →
Sign in with Steam
Match 41219275
Unlisted
Match 41219275
Overview
Messages
Build Orders
End
Kettenkrad Recon Vehicle
Construct Infanterie Kompanie
MG 42 Machine Gun Team
MG 42 Machine Gun Team
Grenadier Squad
Construct Luftwaffe Kompanie
221 Scout Car
Jäger Squad
Support Elements
Wirbelwind Flakpanzer
Jäger Squad
Medical Station
Jäger Squad
Wirbelwind Flakpanzer
Luftwaffe Officer Quarters
Hank Grill
Bullenspitzel
coledj0408
S.W.A
0
0
Comments
sign in to comment!
No comments posted yet!